 Dungeon Crawl Stone Soup version 0.30-a0-509-gd016549fea (webtiles) character file.

Game seed: 3575172376456028859

93 Jase the Insei (level 4, -3/35 HPs)
             Began as a Draconian Transmuter on Dec 22, 2022.
             Slain by a steam dragon (5 damage)
             ... on level 3 of the Dungeon.
             The game lasted 00:07:39 (3016 turns).

Jase the Insei (Draconian Transmuter)               Turns: 3016, Time: 00:07:39

Health: -3/35      AC:  5    Str: 12    XL:     4   Next: 36%
Magic:  7/7        EV: 13    Int: 15    God:
Gold:   67         SH:  0    Dex: 18    Spells: 1/7 levels left

rFire   . . .      SeeInvis .      - Unarmed
rCold   . . .      Faith    .    (no shield)
rNeg    . . .      Spirit   .    (body armour unavailable)
rPois   .          Reflect  .    (helmet currently unavailable)
rElec   .          Harm     .    (no cloak)
rCorr   .          Rampage  .    (no gloves)
Will    .....                    (boots currently unavailable)
Stlth   ++........               (no amulet)
HPRegen 0.25/turn                j - ring of flight
MPRegen 0.10/turn                k - +6 ring of dexterity

@: mighty, appendages, flying
A: horns 2, talons 2, AC +5, unfitting armour, cold-blooded
a: End Transformation


You were on level 3 of the Dungeon.
You had temporarily grown beastly horns and talons.
You visited 1 branch of the dungeon, and saw 3 of its levels.

You collected 177 gold pieces.
You spent 110 gold pieces at shops.

Inventory:

Missiles
 c - 39 stones
 n - 2 poisoned darts
Jewellery
 b - a ring of fire
 j - a ring of flight (left hand)
 k - a +6 ring of dexterity (right hand)
Scrolls
 d - a scroll of fear {unknown}
 f - a scroll of identify {unknown}
 h - a scroll of poison {unknown}
 o - 2 scrolls of fog {unknown}
 p - a scroll of magic mapping {unknown}
Potions
 a - a potion of lignification
 g - 2 potions of curing {unknown}
 i - a potion of might
 l - 2 potions of flight {unknown}
 m - a potion of haste {unknown}


   Skills:
 - Level 1.1 Fighting
 + Level 2.7 Dodging
 + Level 3.7 Unarmed Combat
 - Level 2.0 Spellcasting
 + Level 3.1 Transmutations
 + Level 0.9 Poison Magic


You had one spell level left.
You knew the following spells:

 Your Spells              Type           Power      Damage    Failure   Level
a - Beastly Appendage     Tmut           20%        N/A       6%          1
b - Wereblood             Tmut           10%        N/A       10%         2
c - Spider Form           Tmut/Pois      7%         N/A       28%         3

Your spell library contained the following spells:

 Spells                   Type           Power      Damage    Failure   Level
 Summon Guardian Golem    Hex/Summ       1%         N/A       54%         3
 Tukima's Dance           Hex            1%         N/A       54%         3
 Ice Form                 Ice/Tmut       6%         N/A       75%         4
 Passage of Golubria      Tloc           1%         N/A       91%         4
 Yara's Violent Unravell  Hex/Tmut       3%         3d4       97%         5
 Orb of Destruction       Conj           0%         9d5       100%        7
 Spellforged Servitor     Conj/Summ      0%         N/A       100%        7


Dungeon Overview and Level Annotations

Branches:
Dungeon (3/15)

Altars:
Makhleb

Shops:
D:1 !

Annotations:
D:1 exclusion: downstairs


Innate Abilities, Weirdness & Mutations

You have temporarily grown beastly horns and talons.
Your plain brown scales are hard. (AC +5)
You cannot fit into any form of body armour.
You are cold-blooded and may be slowed by cold attacks.


Message History

Confirm with . or Enter, or press ? or * to list all spells.
You grow a pair of large bovine horns.
Your feet morph into talons.
You hit the goblin.
You kill the goblin!
You hit the steam dragon.
You tail-slap the steam dragon, but do no damage.
The steam dragon is lightly wounded.
The steam dragon closely misses you. The steam dragon misses you.
You barely miss the steam dragon.
The steam dragon is lightly wounded.
The steam dragon barely misses you.
The steam dragon claws you but does no damage.
You closely miss the steam dragon. You claw the steam dragon.
You headbutt the steam dragon, but do no damage.
You tail-slap the steam dragon.
The steam dragon is moderately wounded.
The steam dragon breathes steam at you. The ball of steam hits you!
You barely miss the steam dragon. You claw the steam dragon.
The steam dragon is moderately wounded.
You are engulfed in a cloud of scalding steam.
The steam dragon bites you. The steam dragon claws you.
* * * LOW HITPOINT WARNING * * *
You feel much better.
You are engulfed in a cloud of scalding steam.
The steam dragon bites you.
The steam dragon claws you but does no damage.
You feel very mighty all of a sudden.
You are engulfed in a cloud of scalding steam.
The steam dragon completely misses you. The steam dragon closely misses you.
You punch the steam dragon!
The steam dragon is severely wounded.
You are engulfed in a cloud of scalding steam.
The steam dragon barely misses you. The steam dragon closely misses you.
You barely miss the steam dragon.
The steam dragon is heavily wounded.
You are engulfed in a cloud of scalding steam.
* * * LOW HITPOINT WARNING * * *
The steam dragon barely misses you. The steam dragon claws you.
You die...

#.# #.# # #.# #.
D#.# . .#####..#.#
... ...§§..#.# ...
#.§g..##.# ...
#######D######.#####
..
........@..........#
.######.###.##.###.#
#.....<#.# #.#
####.#.#.###.# .
..########.#.#.....#
.
.............>...###
. .#
..######..####.#.#
.### ##.#.....#.####
.... ..
#..#.###.#<...#


You could see a steam dragon.

Vanquished Creatures
  2 adders (D:2)
  A worm (D:2)
  4 dart slugs
  5 endoplasms
  2 giant cockroaches
  7 goblins
  4 hobgoblins
  6 jackals (D:1)
  5 kobolds
  2 quokkas (D:1)
  4 ball pythons
  10 bats
  3 frilled lizards
  7 rats
62 creatures vanquished.

Notes
Turn   | Place    | Note
-------+----------+-------------------------------------------
     0 | D:1      | Jase the Draconian Transmuter began the quest for the Orb.
     0 | D:1      | Reached XP level 1. HP: 16/16 MP: 3/3
   134 | D:1      | Reached XP level 2. HP: 23/23 MP: 3/5
   184 | D:1      | Found Ketel's Distillery.
   189 | D:1      | Bought a potion of degeneration for 11 gold pieces
   450 | D:1      | Reached XP level 3. HP: 28/28 MP: 6/6
   504 | D:1      | Bought a potion of heal wounds for 55 gold pieces
  1146 | D:2      | Learned a level 2 spell: Wereblood
  1150 | D:2      | Learned a level 3 spell: Spider Form
  1445 | D:2      | Found a faded altar of an unknown god.
  1455 | D:2      | Found a burning altar of Makhleb.
  1948 | D:2      | Reached XP level 4. HP: 31/35 MP: 5/7
  2713 | D:1      | Bought a potion of might for 44 gold pieces
  3003 | D:3      | Noticed a steam dragon
  3016 | D:3      | Slain by a steam dragon

Illustrated notes

Levels and vault maps discovered:
D:1:      dpeg_arrival_short_road, layout_basic, serial_shops, shop
D:2:      layout_loops_corners, nicolae_ecumenical_oubliette, basic_altar
D:3:      layout_basic, uniq_natasha

Skill      XL: |  1  2  3 |
---------------+----------+-----
Dodging        | 2 |  2.7
Transmutations | 3 |  3.1
Fighting       | |  1.1
Unarmed Combat | |  3.7
Spellcasting   | |  2.0
Poison Magic   | |  0.9

Action                   |  1- 3 |  4- 6 || total
-------------------------+-------+-------++-------
Melee: Unarmed           |   146 |    35 ||   181
       Kick              |    16 |     8 ||    24
       Headbutt          |    11 |     5 ||    16
       Tailslap          |    11 |     6 ||    17
 Cast: Beastly Appendage |    21 |    10 ||    31
  Use: Potion            |       |     2 ||     2
 Stab: Sleeping          |     1 |     1 ||     2
Armor: Skin              |    49 |    11 ||    60
Dodge: Dodged            |    82 |    22 ||   104

Table legend: (Time is in decaauts)
 A = Elapsed time spent in this place.
 B = Non-inter-level travel time spent in this place.
 C = Inter-level travel time spent in this place.
 D = Time resting spent in this place.
 E = Time spent auto-exploring this place.
 F = Levels seen in this place.
 G = Mean time per level.
                   A        B        C        D        E       F      G
               +--------+--------+--------+--------+--------+-----+--------+
         Total |   3005 |   2673 |    332 |    289 |   1903 |   3 | 1001.7 |
       Dungeon |   3005 |   2673 |    332 |    289 |   1903 |   3 | 1001.7 |
               +--------+--------+--------+--------+--------+-----+--------+

Top non-repeatable levels by time:
     D:1: 1207 daAuts
     D:2: 1050 daAuts
     D:3: 747 daAuts
